 Dungeon Crawl Stone Soup version 0.14-a0-882-gdff4d47 (webtiles) character file.

94 4tharraofdagon the Firebug (level 2, -2/22 HPs)
             Began as a Naga Fire Elementalist on Nov 17, 2013.
             Shot with a stone by a goblin (5 damage)
             ... on Level 3 of the Dungeon.
             The game lasted 00:02:07 (330 turns).

4tharraofdagon the Firebug (Naga Fire Elementalist)  Turns: 330, Time: 00:02:07

HP  -2/22        AC  1     Str 10      XL: 2   Next: 54%
MP   4/4         EV 10     Int 15      God:
Gold 78          SH  0     Dex 11      Spells:  1 memorised,  2 levels left

Res.Fire  : . . .   See Invis. : +   f - +0,+1 dwarf hand axe
Res.Cold  : . . .   Warding    : .   a - +0 robe
Life Prot.: . . .   Conserve   : .   (no shield)
Res.Poison: +       Res.Corr.  : .   (no helmet)
Res.Elec. : .       Clarity    : .   (no cloak)
Sust.Abil.: . .     Spirit.Shd : .   (no gloves)
Res.Mut.  : .       Stasis     : .   (no barding)
Res.Rott. : .       Flight     : .   (no amulet)
Saprovore : . . .                    (no ring)
                                     d - ring of protection from magic {unknown}

@: very slow, somewhat resistant to hostile enchantments, fairly stealthy
A: spit poison, see invisible, deformed body, poison resistance, slowness 2
a: Spit Poison


You were on level 3 of the Dungeon.
You were not hungry.

You visited 1 branch of the dungeon, and saw 3 of its levels.

You collected 78 gold pieces.

Inventory:

Hand weapons
 f - a +0,+1 dwarven hand axe (weapon)
Armour
 a - a +0 robe (worn)
Comestibles
 c - a bread ration
Scrolls
 e - 2 scrolls of enchant armour {unknown}
 g - a scroll of remove curse {unknown}
 h - a scroll of random uselessness {unknown}
 i - a scroll of identify {unknown}
 k - a scroll of enchant weapon I {unknown}
Jewellery
 d - a ring of protection from magic (left hand) {unknown}
Potions
 j - a potion of curing {unknown}
Books
 b - a book of Flames

   Spells                             Type                      Level
   *Flame Tongue                      Conjuration/Fire             1
   Throw Flame                        Conjuration/Fire             2
   Conjure Flame                      Conjuration/Fire             3
   Inner Flame                        Hexes/Fire                   3
   Sticky Flame                       Conjuration/Fire             4
   Fireball                           Conjuration/Fire             5


   Skills:
 - Level 1.5 Dodging
 - Level 3.0 Stealth
 + Level 1.1 Spellcasting
 * Level 1.8 Conjurations
 * Level 3.3 Fire Magic


You had 2 spell levels left.
You knew the following spells:

 Your Spells              Type           Power        Failure   Level  Hunger
a - Flame Tongue          Conj/Fire      #....        12%         1    ##.....


Dungeon Overview and Level Annotations

Branches:
Dungeon (3/16)

Altars:


Innate Abilities, Weirdness & Mutations

You cannot wear boots.
You can spit poison.
You have supernaturally acute eyesight.
Armour fits poorly on your strangely shaped body.
Your system is resistant to poisons.
You cover ground very slowly.


Message History

(D) Dungeon
Where to? (? - help)
There is a stone staircase leading down here.
You climb downwards.
Found a scroll labeled QUAPLA REAR, a club and a scroll labeled QEIPLOSIDGH.
There is a stone staircase leading up here.
Found 29 arrows.
k - a scroll labeled QEIPLOSIDGH A kobold comes into view.
Found a scroll labeled KUIXOSS GIUCIA.
You see here a scroll labeled QUAPLA REAR.
e - 2 scrolls labeled QUAPLA REAR (gained 1)
A goblin comes into view.
The goblin wields a sling.
The goblin shoots a stone.
The stone hits you!
Found 20 stones.
You see here a stone.
The goblin shoots a stone.
The stone hits you!
* * * LOW HITPOINT WARNING * * *
The goblin shoots a stone.
The stone hits you!
You die...

. ≈≈≈≈≈...#.# #.
..≈≈≈≈.....
..##..≈≈≈≈....
#.#....≈≈≈...#.# ..####.
?⌠........#.#
..................#.#
.......###.## #.# #.####
........#(...###.##.....#
.(......@....##......)..#
...............<.........
.......................#
.g.....#....##........(#
##.....#....##....######
#######....##....#
#....##....# #....#######
######


You could see a goblin.

Vanquished Creatures
  An adder (D:2)
  A giant cockroach (D:1)
  2 hobgoblins (D:1)
  3 goblins
  A kobold (D:1)
  2 rats
10 creatures vanquished.

Notes
Turn   | Place    | Note
--------------------------------------------------------------
     0 | D:1      | 4tharraofdagon, the Naga Fire Elementalist, began the quest for the Orb.
     0 | D:1      | Reached XP level 1. HP: 15/15 MP: 3/3
   185 | D:1      | Reached XP level 2. HP: 5/22 MP: 1/4
   330 | D:3      | Shot with a stone by a goblin

Action                   || total
-------------------------++-------
Melee: Hand axe          ||    14
 Cast: Flame Tongue      ||     8
 Abil: Spit Poison       ||     9
